 Dungeon Crawl Stone Soup version 0.30.0-15-g856e2d3f33 (webtiles) character file.

Game seed: 3621020351754695798

844 Strat the Chopper (level 7, -6/64 HPs)
             Began as a Minotaur Berserker on May 19, 2023.
             Was an Elder of Trog.
             Mangled by Duvessa
             ... wielding a +0 short sword
              (9 damage)
             ... on level 6 of the Dungeon.
             The game lasted 00:06:14 (3780 turns).

Strat the Chopper (Minotaur Berserker)              Turns: 3780, Time: 00:06:15

Health: -6/64      AC: 11    Str: 23    XL:     7   Next: 68%
Magic:  6/6        EV:  9    Int:  4    God:    Trog [****..]
Gold:   260        SH:  0    Dex: 10    Spells: 6/6 levels left

rFire   . . .        a - +0 hand axe
rCold   . . .        (no shield)
rNeg    . . .        q - +0 chain mail
rPois   .            (helmet restricted)
rElec   .            i - +0 cloak
rCorr   .            (no gloves)
SInv    .            (no boots)
Will    .....        w - amulet of faith Stlth
                     (no ring)
HPRegen 0.30/turn    (no ring)
MPRegen 0.10/turn

%: faith
@: no status effects
A: horns 2, retaliatory headbutt
a: Renounce Religion, Berserk, Trog's Hand, Brothers in Arms


You were on level 6 of the Dungeon.
You worshipped Trog.
Trog was greatly pleased with you.
You visited 1 branch of the dungeon, and saw 6 of its levels.

You collected 260 gold pieces.

Inventory:

Hand Weapons
 a - a +0 hand axe (weapon)
 x - a +2 heavy hand axe
Missiles
 d - a throwing net (quivered)
Armour
 b - a +0 animal skin
 i - a +0 cloak (worn)
 q - a +0 chain mail (worn)
Jewellery
 h - a ring of fire
 w - an amulet of faith (around neck)
Wands
 c - a wand of paralysis (8)
 r - a wand of flame (29)
 z - a wand of mindburst (13)
Scrolls
 f - a scroll of vulnerability {unknown}
 g - 4 scrolls of amnesia
 l - a scroll of silence {unknown}
 n - a scroll of noise {unknown}
 o - a scroll of enchant weapon {unknown}
 p - 3 scrolls of fear {unknown}
 t - a scroll of torment {unknown}
 u - a scroll of fog {unknown}
 v - a scroll of identify
 y - 3 scrolls of brand weapon {unknown}
Potions
 e - 2 potions of curing
 j - 2 potions of heal wounds {unknown}
 k - 2 potions of cancellation {unknown}
 m - a potion of attraction {unknown}
 s - 2 potions of mutation {unknown}


   Skills:
 + Level 6.5 Fighting
 + Level 7.3 Axes
 + Level 6.5 Armour
 - Level 2.1 Dodging


You had 6 spell levels left.
You didn't know any spells.
Your spell library was empty.

Dungeon Overview and Level Annotations

Branches:
Dungeon (6/15)             Temple (0/1) D:4

Altars:

Shops:
D:5 (

Annotations:
D:3 Grinder
D:6 Duvessa


Innate Abilities, Weirdness & Mutations

You have a pair of horns on your head.
You reflexively headbutt those who attack you in melee.


Message History

Duvessa barely misses you.
You completely miss Duvessa. You headbutt Duvessa, but do no damage.
Duvessa is lightly wounded.
Duvessa hits you but does no damage. Duvessa closely misses you.
You furiously retaliate!
You headbutt Duvessa! You hit Duvessa but do no damage.
Duvessa is moderately wounded.
Duvessa hits you with a +0 short sword.
* * * LOW HITPOINT WARNING * * *
You hit Duvessa but do no damage.
Duvessa is moderately wounded.
Duvessa hits you with a +0 short sword!
* * * LOW HITPOINT WARNING * * *
You hit Duvessa but do no damage. Your headbutt misses Duvessa.
Duvessa is moderately wounded.
Duvessa hits you but does no damage. Duvessa hits you with a +0 short sword.
* * * LOW HITPOINT WARNING * * *
You closely miss Duvessa. You headbutt Duvessa!
Duvessa is heavily wounded.
Duvessa closely misses you. You furiously retaliate!
You headbutt Duvessa! You barely miss Duvessa.
You headbutt Duvessa, but do no damage.
Duvessa is severely wounded.
Duvessa closely misses you. Duvessa hits you with a +0 short sword!
* * * LOW HITPOINT WARNING * * *
You closely miss Duvessa. You headbutt Duvessa.
Duvessa is severely wounded.
Duvessa hits you with a +0 short sword!
* * * LOW HITPOINT WARNING * * *
You closely miss Duvessa. Your headbutt misses Duvessa.
Duvessa is severely wounded.
Duvessa misses you. You furiously retaliate!
You headbutt Duvessa! Duvessa hits you with a +0 short sword!
* * * LOW HITPOINT WARNING * * *
You hit Duvessa. You headbutt Duvessa.
Duvessa is almost dead.
Duvessa hits you but does no damage.
You closely miss Duvessa.
Duvessa is almost dead.
Duvessa hits you with a +0 short sword!
You die...

### ######.#######
#............#
#.#...@).....#
##.#.#..e###...
##....##.##
##.#.#.##.#
########.##.#..#.###
.†..)...............
########.##.#.......
#### ##<#.#.......
.... ##....(.....


You could see Duvessa (berserk, fast).

Vanquished Creatures
  2 ogres
  A scorpion (D:4)
  Dowan (D:6)
  An orc priest (D:4)
  3 hounds
  3 iguanas
  2 sleepcaps (D:5)
  Natasha (D:4)
  4 orc wizards
  Robin (D:4)
  3 gnolls (D:2)
  5 adders
  A white imp (D:5)
  An ufetubus (D:5)
  3 dart slugs
  16 orcs
  4 bats
  6 endoplasms
  5 giant cockroaches
  7 hobgoblins
  6 quokkas
  4 ball pythons
  4 frilled lizards (D:1)
  14 goblins
  8 kobolds
  4 rats
110 creatures vanquished.

Notes
Turn   | Place    | Note
-------+----------+-------------------------------------------
     0 | D:1      | Strat the Minotaur Berserker began the quest for the Orb.
     0 | D:1      | Reached XP level 1. HP: 19/19 MP: 0/0
   126 | D:1      | Reached skill level 4 in Axes
   217 | D:1      | Reached XP level 2. HP: 27/27 MP: 1/1
   432 | D:1      | Reached ** piety under Trog
   473 | D:1      | Reached XP level 3. HP: 31/33 MP: 2/2
   615 | D:2      | Reached skill level 5 in Axes
   839 | D:2      | Reached XP level 4. HP: 28/41 MP: 3/3
  1470 | D:3      | Noticed Grinder
  1474 | D:3      | Paralysed by Grinder for 4 turns
  1606 | D:4      | Reached skill level 5 in Fighting
  1606 | D:4      | Reached skill level 6 in Axes
  1606 | D:4      | Reached XP level 5. HP: 48/48 MP: 4/4
  1616 | D:4      | You fall into a shaft and drop 2 floors!
  1621 | D:6      | Noticed Duvessa
  1621 | D:6      | Noticed Dowan
  1621 | D:6      | Noticed an ogre
  1627 | D:5      | Entered Level 5 of the Dungeon
  1639 | D:4      | Noticed Robin
  1651 | D:4      | Reached *** piety under Trog
  1673 | D:4      | Noticed Natasha
  1854 | D:4      | Killed Robin
  2036 | D:4      | Reached XP level 6. HP: 50/56 MP: 5/5
  2086 | D:4      | Found a staircase to the Ecumenical Temple.
  2091 | D:4      | Reached skill level 5 in Armour
  2207 | D:4      | Killed Natasha
  2310 | D:5      | Found Miomiov's Hydra Hut.
  2327 | D:5      | Noticed a six-headed hydra
  2729 | D:5      | HP: 1/57 [ogre/+0 giant club (26)]
  2732 | D:5      | Reached XP level 7. HP: 2/62 MP: 6/6
  3254 | D:5      | Reached **** piety under Trog
  3255 | D:5      | Reached skill level 7 in Axes
  3766 | D:6      | Killed Dowan
  3778 | D:6      | HP: 3/64 [Duvessa/+0 short sword (17)]
  3780 | D:6      | Mangled by Duvessa

Illustrated notes

Levels and vault maps discovered:
D:1:      dpeg_arrival_water_fire, layout_loops_ring,
          shapermc_ecumenical_altar_hornbeckon, hangedman_abyss_or_decor_stabs,
          minmay_octomino_j4
D:2:      layout_basic, serial_aquarium, aquarium_bridge_square
          [aquarium_subvault_wall, aquarium_subvault_bridge,
          aquarium_subvault_window, aquarium_subvault_bridge],
          aquarium_bridge_straight [aquarium_subvault_bridge,
          aquarium_subvault_window, aquarium_subvault_bridge,
          aquarium_subvault_wall], aquarium_window_corner, aquarium_window_fake,
          aquarium_window_2, aquarium_window_corridor_2, aquarium_view_2b,
          aquarium_balcony_5a
D:3:      layout_basic, uniq_grinder
D:4:      layout_gridville, minmay_temple_entry_waves, st_stairs_4,
          amcnicky_mini_corridor_feature, uniq_natasha, uniq_robin
D:5:      layout_loops_corners, minivault_23, doesnt_shop_hydraphobe
D:6:      layout_loops_ring, nicolae_kite_square_tiling_tiny, uniq_duvessa,
          uniq_maggie, uniq_blork_the_orc

Skill      XL: |  1  2  3  4  5  6  7 |
---------------+----------------------+-----
Axes           | 4 5 6 7 |  7.3
Fighting       | 4 5 6 |  6.5
Armour         | 4 5 6 |  6.5
Dodging        | |  2.1

Action                     |  1- 3 |  4- 6 |  7- 9 || total
---------------------------+-------+-------+-------++-------
  Melee: Hand axe          |    77 |   157 |    87 ||   321
         Headbutt          |     4 |    22 |    13 ||    39
         Punch             |       |       |     3 ||     3
    Use: Scroll            |     5 |     1 |       ||     6
         Potion            |       |     2 |       ||     2
   Stab: Sleeping          |     1 |       |       ||     1
 Armour: Animal skin       |    10 |     4 |       ||    14
         Chain mail        |       |   109 |    37 ||   146
  Dodge: Dodged            |    52 |    92 |    27 ||   171
